 Dungeon Crawl Stone Soup version 0.26-a0-642-g67e99244d3 (webtiles) character file.

Game seed: 6752709411886271890

643 Murumi the Skirmisher (level 7, 0/75 HPs)
             Began as an Ogre Conjurer on Sept 22, 2020.
             Was an Initiate of Okawaru.
             Killed from afar by an orc wizard (6 damage)
             ... with a magic dart
             ... on level 4 of the Dungeon.
             The game lasted 00:20:06 (5701 turns).

Murumi the Skirmisher (Ogre Conjurer)               Turns: 5701, Time: 00:20:06

Health: 0/75       AC:  4    Str: 14    XL:     7   Next: 51%
Magic:  11/11      EV:  7    Int: 19    God:    Okawaru [......]
Gold:   236        SH:  7    Dex:  7    Spells: 12/12 levels left

rFire    . . .     SeeInvis .   n - +1 whip
rCold    . . .     Faith    .   l - +0 kite shield
rNeg     . . .     Spirit   .   a - +1 robe
rPois    .         Reflect  .   (helmet restricted)
rElec    .         Harm     .   (no cloak)
rCorr    .         Rampage  .   (gloves unavailable)
MR       .....                  (boots unavailable)
Stlth    ++........             (no amulet)
HPRegen  0.22/turn              (no ring)
MPRegen  0.12/turn              (no ring)

@: no status effects
A: large, unfitting armour, tough skin 1
a: Renounce Religion


You were on level 4 of the Dungeon.
You worshipped Okawaru.
Okawaru was noncommittal.
You visited 1 branch of the dungeon, and saw 4 of its levels.

You collected 236 gold pieces.

Inventory:

Hand Weapons
 g - a +0 flail
 k - a cursed -1 morningstar
 n - a +1 whip (weapon)
Missiles
 f - 121 stones (quivered)
 m - 4 boomerangs
Armour
 a - a +1 robe (worn)
 l - a +0 kite shield (worn)
Scrolls
 e - a scroll of teleportation
Potions
 b - 2 potions of magic
 c - 2 potions of stabbing
 d - a potion of curing
 j - 3 potions of resistance


   Skills:
 - Level 6.0 Fighting
 + Level 2.3 Maces & Flails
 - Level 3.0 Throwing
 - Level 2.0 Dodging
 - Level 2.0 Stealth
 - Level 2.0 Shields
 - Level 3.0 Spellcasting
   Level 4.0 Conjurations
 - Level 2.0 Invocations


You had 12 spell levels left.
You didn't know any spells.
Your spell library contained the following spells:

 Spells                   Type           Power        Failure   Level
 Magic Dart               Conj           ###.         13%         1
 Searing Ray              Conj           ###...       21%         2
 Dazzling Flash           Conj/Hex       ##....       65%         3
 Fulminant Prism          Conj/Hex       ##........   96%         4
 Iskenderun's Mystic Bla  Conj/Tloc      ##......     96%         4


Dungeon Overview and Level Annotations

Branches:
Dungeon (4/15)
 Temple: D:4-7

Altars:
Okawaru


Innate Abilities, Weirdness & Mutations

You are too large for most types of armour.
You have tough skin. (AC +1)


Message History

You closely miss something. Something hits you.
* * * LOW HITPOINT WARNING * * *
You hit something. You block something's attack.
You barely miss something. Something hits you!
* * * LOW HITPOINT WARNING * * *
Something hits you.
* * * LOW HITPOINT WARNING * * *
You hit something but do no damage. Something hits you but does no damage.
You miss something. Something hits you but does no damage.
You barely miss something.
You hear some strange, mumbled words.
Something tries to affect you, but you resist.
You hit something but do no damage. Something hits you but does no damage.
You barely miss something. Something hits you.
* * * LOW HITPOINT WARNING * * *
You hit something.
You hear some strange, mumbled words.
A magic dart appears from out of thin air!
The magic dart hits you.
You die...

#####...########.#
######### #.# ...#
#.# ##.####### #.#
....#....#### #.#
..>.........# #.#
....#....##. #.#
....#....# #.#
....#....# #@#
....#....##.####{#
....#######..o.oo#
##### ########


You could see 2 orcs.

Vanquished Creatures
  Sigmund (D:4)
  A phantom (D:4)
  An ogre (D:4)
  4 orc wizards
  A worker ant (D:4)
  3 gnolls (D:2)
  5 adders
  A shadow imp (D:4)
  A white imp (D:4)
  An ooze (D:1)
  2 worms (D:2)
  3 dart slugs
  2 leopard geckos
  12 orcs
  5 bats
  5 giant cockroaches
  5 hobgoblins
  3 jackals (D:2)
  A quokka (D:2)
  2 ball pythons
  5 frilled lizards
  7 goblins
  6 kobolds
  5 rats
82 creatures vanquished.

Notes
Turn   | Place    | Note
-------+----------+-------------------------------------------
     0 | D:1      | Murumi the Ogre Conjurer began the quest for the Orb.
     0 | D:1      | Reached XP level 1. HP: 16/16 MP: 3/3
   356 | D:1      | Reached XP level 2. HP: 24/24 MP: 3/5
   384 | D:1      | Learned a level 2 spell: Searing Ray
   963 | D:2      | Reached XP level 3. HP: 26/31 MP: 2/7
   963 | D:2      | Reached skill level 1 in Fighting
  1119 | D:2      | Reached skill level 1 in Throwing
  1119 | D:2      | Reached XP level 4. HP: 41/41 MP: 2/8
  1378 | D:2      | Reached skill level 2 in Fighting
  1521 | D:2      | Reached skill level 1 in Maces & Flails
  1521 | D:2      | Reached skill level 3 in Fighting
  1715 | D:2      | Reached XP level 5. HP: 53/53 MP: 4/9
  2240 | D:2      | Found a faded altar of an unknown god.
  2781 | D:3      | Found an iron altar of Okawaru.
  2786 | D:3      | Became a worshipper of Warmaster Okawaru
  3548 | D:4      | Reached skill level 4 in Fighting
  3878 | D:4      | Noticed an ogre
  3894 | D:4      | Killed an ogre
  3894 | D:4      | Reached skill level 1 in Shields
  3894 | D:4      | Reached skill level 1 in Invocations
  3894 | D:4      | Reached XP level 6. HP: 45/62 MP: 10/10
  4207 | D:4      | Noticed Sigmund
  4227 | D:4      | HP: 1/62 [something (14)]
  4236 | D:4      | HP: 1/93 [something (3)]
  4238 | D:4      | Killed Sigmund
  4238 | D:4      | Reached skill level 5 in Fighting
  4238 | D:4      | Reached XP level 7. HP: 1/72 MP: 11/11
  5407 | D:4      | Reached skill level 6 in Fighting
  5701 | D:4      | Killed from afar by an orc wizard

Illustrated notes

Levels and vault maps discovered:
D:1:      ncdulo_lavacross, layout_loops_ring, minmay_pentomino_o2
D:2:      cheibrodos_helix_gallery, layout_rooms,
          chequers_ecumenical_altar_island
D:3:      layout_loops_ring, lemuel_doored_altar
D:4:      layout_basic, okawaru_altar_gauntlet_db, uniq_sigmund

Skill      XL: |  1  2  3  4  5  6  7 |
---------------+----------------------+-----
Dodging        | 2 |  2.0
Conjurations   | 4 |  4.0
Spellcasting   | 3 |  3.0
Stealth        | 2 |  2.0
Fighting       | 1 3 4 5 6 |  6.0
Throwing       | 1 2 3 |  3.0
Maces & Flails | 1 2 |  2.3
Shields        | 1 2 |  2.0
Invocations    | 1 2 |  2.0

Action                   |  1- 3 |  4- 6 |  7- 9 || total
-------------------------+-------+-------+-------++-------
Melee: Whip              |     1 |    75 |   167 ||   243
       Mace              |       |    60 |       ||    60
Throw: Stone             |     4 |    54 |    67 ||   125
       Boomerang         |       |     9 |       ||     9
 Cast: Magic Dart        |    30 |    29 |       ||    59
       Searing Ray       |     3 |    13 |       ||    16
  Use: Scroll            |     2 |    10 |     2 ||    14
       Potion            |       |     3 |     1 ||     4
 Stab: Sleeping          |       |     1 |       ||     1
Armor: Robe              |     1 |    33 |    24 ||    58
       Skin              |       |     5 |       ||     5
Dodge: Dodged            |     5 |    62 |    20 ||    87
Block: Kite shield       |       |    28 |    47 ||    75

Table legend: (Time is in decaauts)
 A = Elapsed time spent in this place.
 B = Non-inter-level travel time spent in this place.
 C = Inter-level travel time spent in this place.
 D = Time resting spent in this place.
 E = Time spent auto-exploring this place.
 F = Levels seen in this place.
 G = Mean time per level.
                   A        B        C        D        E       F      G
               +--------+--------+--------+--------+--------+-----+--------+
         Total |   5767 |   5458 |    309 |    442 |   4122 |   4 | 1441.8 |
       Dungeon |   5767 |   5458 |    309 |    442 |   4122 |   4 | 1441.8 |
               +--------+--------+--------+--------+--------+-----+--------+

Top non-repeatable levels by time:
     D:4: 1803 daAuts
     D:3: 1494 daAuts
     D:1: 1281 daAuts
     D:2: 1189 daAuts
